 Seeded DCSS version 0.29.0-11-gd7f09526c8 (webtiles) character file.

Game seed: 3121381558354691732 (custom seed)

563 purpskrrrp the Ruffian (level 7, 0/66 HPs)
             Began as a Troll Fighter on Sept 7, 2022.
             Slain by a gnoll
             ... wielding a +0 halberd
              (3 damage)
             ... on level 4 of the Dungeon.
             The game lasted 00:03:13 (2188 turns).

purpskrrrp the Ruffian (Troll Fighter)              Turns: 2188, Time: 00:03:14

Health: 0/66       AC:  4    Str: 27    XL:     7   Next: 10%
Magic:  6/6        EV:  8    Int:  4    God:
Gold:   253        SH:  8    Dex:  9    Spells: 6/6 levels left

rFire   . . .      SeeInvis .     - Unarmed
rCold   . . .      Faith    .   b - +0 kite shield
rNeg    . . .      Spirit   .   a - +0 robe
rPois   .          Reflect  .   (helmet restricted)
rElec   .          Harm     .   (no cloak)
rCorr   .          Rampage  .   (gloves unavailable)
Will    .....                   (boots unavailable)
Stlth   +.........              (no amulet)
HPRegen 1.01/turn               (no ring)
MPRegen 0.10/turn               (no ring)

@: no status effects
A: large, unfitting armour, claws 3, regeneration 1, shaggy fur 1, tough skin 1
a: no special abilities


You were on level 4 of the Dungeon.
You visited 1 branch of the dungeon, and saw 4 of its levels.

You collected 253 gold pieces.

Inventory:

Missiles
 g - 4 throwing nets (quivered)
Armour
 a - a +0 robe (worn)
 b - a +0 kite shield (worn)
Jewellery
 f - a +6 ring of strength
 h - a +6 ring of dexterity
 p - an amulet of reflection
 s - a ring of positive energy
 t - a ring of see invisible
Scrolls
 d - 4 scrolls of identify {unknown}
 e - 2 scrolls of acquirement
 i - 2 scrolls of magic mapping {unknown}
 j - 2 scrolls of enchant weapon {unknown}
 l - 4 scrolls of amnesia {unknown}
 m - a scroll of poison {unknown}
 n - 3 scrolls of teleportation {unknown}
 r - a scroll of fear {unknown}
 u - a scroll of vulnerability {unknown}
 v - 3 scrolls of noise {unknown}
Potions
 c - a potion of might
 k - a potion of magic {unknown}
 o - a potion of invisibility {unknown}
 q - a potion of heal wounds {unknown}
 w - a potion of flight {unknown}
 x - a potion of brilliance {unknown}
 z - a potion of cancellation {unknown}
 A - a potion of curing {unknown}
 B - a potion of ambrosia {unknown}
 C - a potion of attraction {unknown}


   Skills:
 - Level 2.4 Fighting
 - Level 2.4 Dodging
 + Level 4.6 Shields
 * Level 6.6 Unarmed Combat


You had 6 spell levels left.
You didn't know any spells.
Your spell library contained the following spells:

 Spells                   Type           Power      Damage    Failure   Level
 Sting                    Tmut/Pois      0%         1d3       78%         1
 Sublimation of Blood     Necr           0%         N/A       89%         2
 Petrify                  Tmut/Erth      0%         N/A       100%        4
 Irradiate                Conj/Tmut      0%         3d11      100%        5


Dungeon Overview and Level Annotations

Branches:
Dungeon (4/15)
 Temple: D:4-7

Altars:
Okawaru
Trog

Shops:
D:3 *


Innate Abilities, Weirdness & Mutations

You are too large for most types of armour.
You have claws for hands.
Your natural rate of healing is unusually fast.
You are covered in fur. (AC +1)
You have tough skin. (AC +1)


Message History

You are too injured to fight recklessly!
You are too injured to fight recklessly!
You are too injured to fight recklessly!
You are too injured to fight recklessly!
You are too injured to fight recklessly!
You are too injured to fight recklessly!
You are too injured to fight recklessly!
You are too injured to fight recklessly!
You are too injured to fight recklessly!
You are too injured to fight recklessly!
You are too injured to fight recklessly!
You are too injured to fight recklessly!
You are too injured to fight recklessly!
You are too injured to fight recklessly!
You are too injured to fight recklessly!
You are too injured to fight recklessly!
You are too injured to fight recklessly!
You are too injured to fight recklessly!
You are too injured to fight recklessly!
You are too injured to fight recklessly!
You are too injured to fight recklessly!
You scratch the iguana.
You kill the iguana!
You block the gnoll's attack. The gnoll hits you with a +0 halberd.
The gnoll hits you from afar with a +0 halberd!
* * * LOW HITPOINT WARNING * * *
You see here an iguana corpse.
You claw the gnoll!
The gnoll is almost dead.
The gnoll hits you with a +0 halberd!
* * * LOW HITPOINT WARNING * * *
You barely miss the gnoll.
The gnoll is almost dead.
You block the gnoll's attack. The gnoll hits you with a +0 halberd!
* * * LOW HITPOINT WARNING * * *
You claw the gnoll!
You kill the gnoll!
The gnoll hits you from afar with a +0 halberd.
You die...

.......# ###
#..# .......#
..# #..#
..###..#
#.####..# ..#
#..# #.##....#
... ...#
#.##.#..#
........
#.......#
#......#######
#.####..#
.....
......#.# #..#
.......@# +..#
#######)# #..#
#g# #..# #..
#.. ...~ #..~
...~.


You could see a gnoll.

Vanquished Creatures
  Sigmund (D:4)
  2 ogres
  2 orc priests (D:4)
  An iguana (D:4)
  An orc wizard (D:4)
  2 gnolls (D:4)
  3 adders (D:2)
  4 worms
  A dart slug (D:3)
  4 orcs
  6 endoplasms
  2 giant cockroaches
  7 goblins
  7 hobgoblins
  10 jackals
  3 kobolds (D:4)
  A quokka (D:4)
  3 ball pythons
  7 bats
  3 frilled lizards
  5 rats
75 creatures vanquished.

Notes
Turn   | Place    | Note
-------+----------+-------------------------------------------
     0 | D:1      | purpskrrrp the Troll Fighter began the quest for the Orb.
     0 | D:1      | Reached XP level 1. HP: 22/22 MP: 0/0
   157 | D:1      | Found a faded altar of an unknown god.
   161 | D:1      | Got Plato's Secrets of Vitiation
   238 | D:1      | Identified 3 scrolls of acquirement
   238 | D:1      | Acquired a +6 ring of dexterity
   247 | D:1      | Reached XP level 2. HP: 29/29 MP: 1/1
   612 | D:2      | Reached skill level 3 in Unarmed Combat
   656 | D:2      | Reached XP level 3. HP: 36/36 MP: 2/2
   836 | D:2      | Found a bloodstained altar of Trog.
  1290 | D:3      | Reached XP level 4. HP: 43/44 MP: 3/3
  1395 | D:3      | Reached skill level 4 in Unarmed Combat
  1400 | D:3      | Found Isonomam's Assorted Antiques.
  1494 | D:3      | Noticed an ogre
  1508 | D:3      | Killed an ogre
  1509 | D:3      | Reached XP level 5. HP: 22/50 MP: 4/4
  1843 | D:4      | Noticed Sigmund
  1854 | D:4      | Killed Sigmund
  1855 | D:4      | Reached skill level 5 in Unarmed Combat
  1855 | D:4      | Reached XP level 6. HP: 47/59 MP: 5/5
  1974 | D:4      | Reached skill level 6 in Unarmed Combat
  2018 | D:4      | Found an iron altar of Okawaru.
  2108 | D:4      | Reached XP level 7. HP: 27/66 MP: 6/6
  2187 | D:4      | HP: 2/66 [gnoll/+0 halberd (9)]
  2188 | D:4      | Slain by a gnoll

Illustrated notes

Levels and vault maps discovered:
D:1:      minmay_arrival_glassed_features, layout_loops_ring,
          shapermc_ecumenical_altar_rom_forum, nicolae_kite_square_tiling_tiny
D:2:      layout_basic, basic_altar
D:3:      layout_rooms, serial_shops, nicolae_shop_hallway_stairs
D:4:      layout_basic, okawaru_altar_gauntlet_db, dreamdust_gnoll_farm,
          uniq_sigmund, uniq_robin

Skill      XL: |  1  2  3  4  5  6 |
---------------+-------------------+-----
Unarmed Combat | 3 4 5 6 |  6.6
Shields        | 3 4 |  4.6
Fighting       | |  2.4
Dodging        | |  2.4

Action                   |  1- 3 |  4- 6 |  7- 9 || total
-------------------------+-------+-------+-------++-------
Melee: Unarmed           |    92 |    85 |    16 ||   193
  Use: Scroll            |     1 |       |       ||     1
Armor: Robe              |    33 |    26 |     4 ||    63
Dodge: Dodged            |    28 |    25 |     2 ||    55
Block: Kite shield       |    31 |    23 |     9 ||    63
